 Dungeon Crawl Stone Soup version 0.29.1 (webtiles) character file.

Game seed: 10910542929254860566

56 Ashen the Chiller (level 3, -2/26 HPs)
             Began as a Demonspawn Ice Elementalist on Sept 14, 2022.
             Slain by a ball python (3 damage)
             ... on level 3 of the Dungeon.
             The game lasted 00:04:07 (3636 turns).

Ashen the Chiller (Demonspawn Ice Elementalist)     Turns: 3636, Time: 00:04:07

Health: -2/26      AC:  2    Str:  8    XL:     3   Next: 69%
Magic:  6/6        EV:  9    Int: 18    God:
Gold:   168        SH:  0    Dex: 13    Spells: 5/6 levels left

rFire   . . .      SeeInvis .   o - +0 rapier
rCold   . . .      Faith    .   (no shield)
rNeg    . . .      Spirit   .   a - +0 robe
rPois   .          Reflect  .   (helmet restricted)
rElec   .          Harm     .   (no cloak)
rCorr   .          Rampage  .   (no gloves)
Will    .....                   (no boots)
Stlth   ++........              (no amulet)
HPRegen 0.08/turn               (no ring)
MPRegen 0.10/turn               (no ring)

@: brilliant, lethally poisoned (-2 -> -6), constricted
A: antennae 2, screaming 1
a: no special abilities


You were on level 3 of the Dungeon.
You visited 1 branch of the dungeon, and saw 3 of its levels.

You collected 168 gold pieces.

Inventory:

Hand Weapons
 o - a +0 rapier (weapon)
Armour
 a - a +0 robe (worn)
Scrolls
 i - a scroll of acquirement {unknown}
 j - a scroll of immolation {unknown}
 k - a scroll of identify {unknown}
 m - a scroll of fear {unknown}
 n - a scroll of teleportation {unknown}
Potions
 b - 2 potions of magic
 e - a potion of ambrosia {unknown}
 f - 2 potions of mutation
 h - a potion of resistance {unknown}
 l - a potion of lignification {unknown}


   Skills:
 + Level 1.2 Fighting
 + Level 2.3 Dodging
 + Level 2.3 Stealth
 + Level 2.4 Spellcasting
 + Level 3.9 Ice Magic


You had 5 spell levels left.
You knew the following spells:

 Your Spells              Type           Power      Damage    Failure   Level
a - Freeze                Ice            96%        1d11      3%          1

Your spell library contained the following spells:

 Spells                   Type           Power      Damage    Failure   Level
 Frozen Ramparts          Ice            48%        1d8       11%         3
 Ozocubu's Armour         Ice            24%        N/A       11%         3
 Blink                    Tloc           6%         N/A       26%         2
 Lesser Beckoning         Tloc           3%         N/A       45%         3
 Hailstorm                Conj/Ice       13%        3d5       61%         4
 Manifold Assault         Tloc           3%         N/A       99%         5


Dungeon Overview and Level Annotations

Branches:
Dungeon (3/15)

Altars:

Shops:
D:2 [

Annotations:
D:3 Terence


Innate Abilities, Weirdness & Mutations

You have a pair of antennae on your head.
You occasionally shout uncontrollably at your foes.


Message History

You hit the endoplasm.
You kill the endoplasm!
No target in view!
A goblin comes into view. It is wielding a +0 club.
A goblin is nearby!
Terence the Incautious comes into view.
He is wielding a +2 short sword of venom and carrying a wand of digging (6).
A bat and a ball python come into view.
Found a sedimented pink potion and a dented golden amulet.
The ball python hisses angrily.
The goblin shouts!
Terence hits you with a +2 short sword of venom.
You are poisoned.
The ball python bites you but does no damage.
The ball python misses you. The goblin attacks as you move away!
The goblin barely misses you.
The ball python attacks as you move away!
The ball python closely misses you. x2
You feel very sick.
You feel very sick. The bat hits you.
Terence zaps a wand.
Some rock shatters into small pieces.
As you read the scroll labelled PUPLAE JISANG, it crumbles to dust.
Your body is wracked with pain!
The ball python convulses!
The goblin convulses!
Terence convulses!
It was a scroll of torment.
* * * LOW HITPOINT WARNING * * *
You feel sick.
The ball python bites you but does no damage.
The ball python grabs you. The ball python constricts you.
* * * LOW HITPOINT WARNING * * *
Okay, then.
It was a potion of mutation.
You feel extremely strange.
You feel the urge to shout.
* * * LOW HITPOINT WARNING * * *
You feel sick. The ball python closely misses you.
The ball python constricts you. The ball python bites you.
* * * LOW HITPOINT WARNING * * *
The ball python constricts you.
It was a potion of brilliance.
You feel clever all of a sudden.
* * * LOW HITPOINT WARNING * * *
You feel sick. The ball python bites you.
You die...

#......# #..#####
#.. .# #..## .#
#....### .#
#......###.###..
#.............
#......S@..# ###
#......#@..## # #
#.........###...##
.#. #.#..!..{#
#.###.###.####.#
#.#.#"..# #.#
#.........
#####.#.#..#
#.###.###..#
........#..
##.........#
#####.####
#..#######.#
##..†## #...# #.#
#.....# ......#
#.#


You could see Terence and a ball python.

Vanquished Creatures
  An adder (D:2)
  A worm (D:2)
  A dart slug (D:2)
  8 endoplasms
  4 giant cockroaches
  4 goblins (D:2)
  4 hobgoblins
  2 kobolds
  2 quokkas
  3 ball pythons
  3 bats
  2 frilled lizards (D:2)
  A rat (D:3)
36 creatures vanquished.

Notes
Turn   | Place    | Note
-------+----------+-------------------------------------------
     0 | D:1      | Ashen the Demonspawn Ice Elementalist began the quest for
                  | the Orb.
     0 | D:1      | Reached XP level 1. HP: 13/13 MP: 3/3
   740 | D:1      | Discovered your monstrous ancestry.
   740 | D:1      | Gained mutation: You have a pair of small antennae on your
                  | head. [demonic ancestry]
   740 | D:1      | Reached XP level 2. HP: 11/20 MP: 3/5
  1396 | D:2      | Found a faded altar of an unknown god.
  2197 | D:2      | Reached skill level 1 in Fighting
  2197 | D:2      | Gained mutation: You have a pair of antennae on your head.
                  | [demonic ancestry]
  2197 | D:2      | Reached XP level 3. HP: 5/26 MP: 2/6
  2885 | D:2      | Found Rylas's Antique Armour Boutique.
  3629 | D:3      | Noticed Terence
  3635 | D:3      | Gained mutation: You occasionally shout uncontrollably at
                  | your foes. [potion of mutation]
  3636 | D:3      | HP: 1/26 [poisoned by Terence]
  3636 | D:3      | Slain by a ball python

Illustrated notes

Levels and vault maps discovered:
D:1:      dpeg_arrival_erosion, layout_loops_ring
D:2:      layout_rooms, serial_shops, nicolae_shop_trees,
          ebering_ecumenical_altar_mist, mrwooster_statue_mirror
D:3:      layout_loops_ring, grunt_temple_overflow_forces_of_nature,
          uniq_terence

Skill      XL: |  1  2 |
---------------+-------+-----
Stealth        | 2 |  2.3
Dodging        | 2 |  2.3
Fighting       | 1 |  1.2
Spellcasting   | |  2.4
Ice Magic      | |  3.9

Action                   || total
-------------------------++-------
Melee: Unarmed           ||    13
       Short sword       ||    34
       Punch             ||     1
       Rapier            ||     7
 Cast: Freeze            ||    54
  Use: Potion            ||     2
       Scroll            ||     1
 Stab: Sleeping          ||    10
Armor: Robe              ||    12
Dodge: Dodged            ||    56
